 Dungeon Crawl Stone Soup version 0.25-a0-294-gea9b1ad378 (webtiles) character file.

Game seed: 4342107476435902548, levelgen mode: classic

23 Borgoz the Chopper (level 3, 22/22 HPs)
             Began as a Gargoyle Gladiator on Dec 17, 2019.
             Quit the game on level 1 of the Dungeon.
             The game lasted 00:00:27 (269 turns).

Borgoz the Chopper (Gargoyle Gladiator)              Turns: 269, Time: 00:00:28

Health: 22/22      AC:  7    Str: 17    XL:     3   Next: 0%
Magic:  3/3        EV: 12    Int:  8    God:
Gold:   8          SH:  0    Dex: 12    Spells: 2/2 levels left

rFire    . . .     SeeInvis .   a - +0 war axe
rCold    . . .     Gourm    .   (no shield)
rNeg     + . .     Faith    .   b - +0 leather armour
rPois    ∞         Spirit   .   c - +0 helmet
rElec    +         Reflect  .   (no cloak)
rCorr    .         Harm     .   (no gloves)
MR       .....                  (no boots)
Stlth    +.........             (no amulet)
HPRegen  0.07/turn              (no ring)
MPRegen  0.08/turn              (no ring)

@: no status effects
A: negative energy resistance 1, electricity resistance, unbreathing,
petrification resistance, rot immunity, AC +3
a: no special abilities


You were on level 1 of the Dungeon.
You were not hungry.

You visited 1 branch of the dungeon, and saw 1 of its levels.

You collected 8 gold pieces.

Inventory:

Hand Weapons
 a - a +0 war axe (weapon)
Missiles
 d - 3 throwing nets (quivered)
Armour
 b - a +0 leather armour (worn)
 c - a +0 helmet (worn)
Scrolls
 e - a scroll of identify {unknown}
 i - a scroll of enchant armour {unknown}
Potions
 h - a potion of flight {unknown}
Comestibles
 f - 3 rations
 g - 6 chunks of flesh


   Skills:
 + Level 2.5 Fighting
 * Level 3.1 Axes
 - Level 1.7 Throwing
 + Level 1.0 Armour
 + Level 2.6 Dodging


You had 2 spell levels left.
You didn't know any spells.
Your spell library was empty.

Dungeon Overview and Level Annotations

Branches:
Dungeon (1/15)

Altars:


Innate Abilities, Weirdness & Mutations

You are resistant to torment.
Your stone body is resilient. (AC +3)
You are immune to poison.
You resist negative energy. (rN+)
You are resistant to electric shocks. (rElec)
You can survive without breathing.
You are immune to petrification.
You are immune to rotting.


Message History

No target in view!
You see here a robe.
HP restored.
Some of the chunks of flesh in your inventory have rotted away.
A kobold comes into view. It is wielding a -2 dagger.
The kobold shouts!
A kobold is nearby!
Found a scroll labeled DYSMAC TISOE.
You closely miss the kobold.
The kobold hits you but does no damage. x2
You barely miss the kobold. The kobold misses you.
You closely miss the kobold. The kobold hits you but does no damage.
You miss the kobold.
The kobold hits you but does no damage. x2
You closely miss the kobold. The kobold barely misses you.
You slash the kobold!
You kill the kobold!
You have reached level 3!
Your experience leads to an increase in your attributes!
Increase (S)trength, (I)ntelligence, or (D)exterity?
You feel agile.
Are you sure you want to abandon this character and quit the game? (Confirm with "yes".)

#
......
#.#
......
#.#
......
#?#
......
#.#
......
#.#
......
#.#
....%.
#)#
......
#@#
......
#.#
......
#.#
......
#.#
......
#.#
####..
#.# .
#.#
#.#
#.#


There were no monsters in sight!

Vanquished Creatures
  A gnoll (D:1)
  An ooze (D:1)
  A goblin (D:1)
  2 hobgoblins (D:1)
  2 bats (D:1)
  A frilled lizard (D:1)
  4 kobolds (D:1)
12 creatures vanquished.

Notes
Turn   | Place    | Note
-------+----------+-------------------------------------------
     0 | D:1      | Borgoz the Gargoyle Gladiator began the quest for the Orb.
     0 | D:1      | Reached XP level 1. HP: 12/12 MP: 1/1
    29 | D:1      | Reached XP level 2. HP: 12/18 MP: 2/2
    45 | D:1      | Reached skill level 3 in Axes
   136 | D:1      | Reached skill level 1 in Armour
   268 | D:1      | Reached XP level 3. HP: 22/22 MP: 3/3
   269 | D:1      | Quit the game

Levels and vault maps discovered:
D:1:      dpeg_arrival_arbitrary_c, layout_basic

Skill      XL: |  1  2 |
---------------+-------+-----
Axes           | 3 |  3.1
Armour         | 1 |  1.0
Fighting       | |  2.5
Throwing       | |  1.7
Dodging        | |  2.6

Action                   || total
-------------------------++-------
Melee: War axe           ||    37
Armor: Leather armour    ||    10
Dodge: Dodged            ||    26

Table legend:
 A = Non-vault XP
 B = Vault XP
 C = Vault XP percentage of total XP
 D = Non-vault monster count
 E = Vault monster count
 F = Vault count percentage of total count
                 A         B        C        D         E       F
            +---------+---------+-------+---------+---------+-------
      Total |      34 |       0 |   0.0 |      12 |       0 |   0.0
            +---------+---------+-------+---------+---------+-------
        D:1 |      34 |       0 |   0.0 |      12 |       0 |   0.0
            +---------+---------+-------+---------+---------+-------
